 Dungeon Crawl Stone Soup version 0.23.2-1-ga50397a (webtiles) character file.

Game seed: 2256501129589898459

109 Fang the Skirmisher (level 4, -2/43 HPs)
             Began as a Gargoyle Berserker on Apr 24, 2019.
             Was a Believer of Trog.
             Slain by an orc warrior
             ... wielding a +0 scimitar
              (17 damage)
             ... on level 6 of the Dungeon.
             The game lasted 00:02:27 (1436 turns).

Fang the Skirmisher (Gargoyle Berserker)            Turns: 1436, Time: 00:02:28

Health: -2/43      AC:  5    Str: 27    XL:     4   Next: 90%
Magic:  4/4        EV: 12    Int:  7    God:    Trog [**....]
Gold:   74         SH:  0    Dex:  9    Spells: 3/3 levels left

rFire    . . .     SeeInvis .   a - +0 hand axe
rCold    . . .     Gourm    .   (no shield)
rNeg     + . .     Faith    .   b - +0 animal skin
rPois    ∞         Spirit   .   (no helmet)
rElec    +         Reflect  .   n - scarf {cloud immunity}
rCorr    .         Harm     .   (no gloves)
MR       .....                  (no boots)
Stlth    ..........             (no amulet)
HPRegen  0.14/turn              (no ring)
MPRegen  0.09/turn              (no ring)

@: berserking, drained, very quick
A: negative energy resistance 1, electricity resistance, unbreathing,
petrification resistance, rot immunity, AC +3
a: Berserk, Trog's Hand, Renounce Religion


You were on level 6 of the Dungeon.
You worshipped Trog.
Trog was pleased with you.
You were hungry.

You visited 1 branch of the dungeon, and saw 4 of its levels.

You collected 74 gold pieces.

Inventory:

Hand Weapons
 a - a +0 hand axe (weapon)
Armour
 b - a +0 animal skin (worn)
 n - a scarf of cloud immunity (worn)
Jewellery
 i - an uncursed ring of protection from magic {unknown}
 o - a +2 ring of strength {unknown}
Scrolls
 d - 2 scrolls of identify {unknown}
 m - a scroll of fog {unknown}
Potions
 e - a potion of haste {unknown}
 g - a potion of heal wounds {unknown}
 h - a potion of brilliance {unknown}
 j - 2 potions of curing {unknown}
 k - a potion of degeneration {unknown}
 l - a potion of flight {unknown}
Comestibles
 c - 3 rations


   Skills:
 + Level 4.1(3.3) Fighting
 + Level 3.4(2.6) Axes
 + Level 3.2(2.4) Armour
 + Level 2.4(1.6) Dodging


You had 3 spell levels left.
You didn't know any spells.
Your spell library was empty.

Dungeon Overview and Level Annotations

Branches:
Dungeon (4/15)
 Temple: D:4-7

Altars:
Makhleb


Innate Abilities, Weirdness & Mutations

You are resistant to torment.
Your stone body is resilient. (AC +3)
You are immune to poison.
You resist negative energy. (rN+)
You are resistant to electric shocks. (rElec)
You can survive without breathing.
You are immune to petrification.
You are immune to rotting.


Message History

You are too injured to fight recklessly!
You are too injured to fight recklessly!
You are too injured to fight recklessly!
A red film seems to cover your vision as you go berserk!
You feel yourself moving faster!
You feel mighty!
You are feeling hungry.
The orc closely misses you. The orc warrior barely misses you.
You hit the orc warrior.
The orc warrior is lightly wounded.
You closely miss the orc wizard. You barely miss the orc.
The orc hits you but does no damage.
Found a robe.
You slash the orc!
You kill the orc!
Trog accepts your kill.
You hit the orc warrior. You hit the orc wizard. You slash the orc!
You kill the orc!
Trog accepts your kill.
The orc warrior hits you with a +0 scimitar!
You die...

.... ... .. #.#######
#....#####+#....... ###
##....+.....#..... #...
......#.###.##.o##..##..
.#....#.###.#...@).....[
.#....#.###.#(.o).#...##
......#.....(.....# ...
......#'#####.....# #
#..........#########
#...........#......#
##.......<.........#
##.........#.......#
...................#


You could see an orc warrior and an orc wizard.

Vanquished Creatures
  A hound (D:4)
  An adder (D:2)
  An ooze (D:1)
  3 dart slugs (D:1)
  3 leopard geckos
  4 orcs
  A ball python (D:4)
  A giant cockroach (D:1)
  9 goblins
  3 hobgoblins
  7 kobolds
  5 bats
  6 frilled lizards
  A leopard gecko zombie (D:6)
  9 rats
55 creatures vanquished.

Notes
Turn   | Place    | Note
-------+----------+-------------------------------------------
     0 | D:1      | Fang the Gargoyle Berserker began the quest for the Orb.
     0 | D:1      | Reached XP level 1. HP: 14/14 MP: 1/1
    89 | D:1      | Reached XP level 2. HP: 15/19 MP: 2/2
   553 | D:1      | Reached XP level 3. HP: 20/23 MP: 3/3
   780 | D:1      | Reached ** piety under Trog
  1099 | D:2      | Reached XP level 4. HP: 22/29 MP: 4/4
  1177 | D:2      | You fall through a shaft for 2 floors!
  1187 | D:4      | Reached skill level 4 in Fighting
  1394 | D:4      | You fall through a shaft for 2 floors!
  1394 | D:6      | Found a burning altar of Makhleb.
  1424 | D:6      | Noticed an orc warrior
  1436 | D:6      | Slain by an orc warrior

Skill      XL: |  1  2  3  4 |
---------------+-------------+-----
Axes           | 3 |  3.4
Dodging        | 2 |  2.4
Armour         | 3 |  3.2
Fighting       | 4 |  4.1

Action                   |  1- 3 |  4- 6 || total
-------------------------+-------+-------++-------
Melee: Hand axe          |   125 |    32 ||   157
Invok: Berserk           |       |     2 ||     2
  Eat: Chunk             |     1 |     2 ||     3
Armor: Animal skin       |    62 |     6 ||    68
Dodge: Dodged            |    92 |    21 ||   113
